Map: Turbo Cruise '84 LE

Players

Elazer - Winner!

  • Race: Zerg Zerg
  • League: Grandmaster
  • Spawn Location: 3:00

TSGSolar (Solar)

  • Race: Zerg Zerg
  • League: Diamond
  • Spawn Location: 7:00

Event: HomeStory Cup XIX

VOD

Have the link to the VOD?

Description

Time

  • Played on: June 29, 2019, 8:45 a.m.
  • Length: 8:54

All games in this series

Show
View Real Time Build Order
Export as new Build Order

Elazer Zerg - Winner!

Build Orders: Hatch First 

Get SALT Encoding   

  12  0:00  Drone  
  13  0:12  Overlord  
  13  0:16  Drone  
  14  0:30  Drone x2  
  16  0:47  Hatchery  
  15  0:51  Drone  
  15  0:55  Drone  
  17  0:59  Drone  
  18  1:11  Extractor  
  17  1:13  Spawning Pool  
  17  1:17  Drone  
  17  1:21  Drone  
  18  1:29  Drone  
  19  1:39  Drone  
  20  1:50  Drone  
  21  2:00  Queen x2, Overlord  
  25  2:02  Drone  
  26  2:11  Metabolic Boost, Drone  
  26  2:12  Zergling x2  
  28  2:21  Drone x2  
  30  2:32  Drone x2  
  32  2:39  Hatchery  
  32  2:42  Drone  
  32  2:45  Drone  
  32  2:49  Baneling Nest  
  32  2:53  Overlord  
  32  2:57  Drone  
  33  3:04  Drone x2  
  35  3:07  Drone  
  35  3:11  Overlord  
  35  3:12  Drone x2  
  38  3:16  Queen  
  38  3:19  Zergling x2  
  41  3:21  Zergling x2  
  41  3:24  Zergling x2  
  43  3:31  Zergling x6  
  43  3:33  Baneling  
  46  3:40  Queen  
  48  3:43  Zergling x6  
  48  3:45  Zergling x4  
  50  3:48  Baneling  
  50  3:49  Baneling  
  50  3:53  Zergling x2  
  49  3:59  Zergling x8  
  53  4:05  Overlord  
  53  4:09  Drone x2  
  55  4:12  Lair  
  55  4:13  Drone  
  55  4:16  Extractor x2  
  54  4:22  Overlord  
  54  4:24  Drone x2  
  56  4:26  Drone x2  
  58  4:37  Baneling  
  56  4:39  Drone x7  
  61  4:50  Zergling x2  
  61  4:51  Zergling x4  
  64  4:55  Extractor  
  64  4:57  Zergling x10  
  64  4:58  Baneling  
  64  4:59  Baneling  
  68  5:09  Drone x3  
  70  5:14  Zergling x4  
  70  5:19  Spine Crawler  
  67  5:24  Zergling x14  
  67  5:27  Spine Crawler  
  72  5:28  Spine Crawler  
  72  5:30  Spine Crawler  
  72  5:31  Spine Crawler  
  68  5:37  Spire  
  68  5:39  Baneling x4  
  68  5:40  Zergling x2  
  68  5:41  Zergling x4  
  70  5:43  Baneling x3  
  70  5:44  Baneling  
  70  5:48  Baneling x5  
  70  5:53  Zergling x6  
  72  6:03  Zergling x10  
  73  6:08  Zergling x8  
  73  6:09  Baneling  
  73  6:10  Baneling x2  
  73  6:16  Baneling x2  
  73  6:21  Queen  
  71  6:27  Baneling x7  
  71  6:28  Spine Crawler  
  71  6:31  Spine Crawler  
  58  6:49  Mutalisk  
  58  6:53  Drone x5  
  62  6:58  Queen x3  
  62  6:59  Mutalisk  
  68  7:03  Mutalisk  
  68  7:04  Zergling x2  
  68  7:05  Zergling x6  
  73  7:09  Zergling x2  
  73  7:18  Mutalisk  
  70  7:30  Mutalisk  
  70  7:32  Zergling x2  
  70  7:33  Zergling x4  
  70  7:35  Queen x3  
  68  7:42  Mutalisk  
  68  7:44  Zergling x4  
  68  7:56  Mutalisk  
  69  7:59  Zergling x8  
  73  8:09  Drone  
  73  8:10  Overlord  
  73  8:12  Overlord  
  74  8:20  Overlord  
  74  8:26  Overlord  
  74  8:30  Drone x6  
  78  8:40  Drone  
  77  8:48  Extractor  
Show
View Real Time Build Order
Export as new Build Order

TSGSolar Zerg 

Build Orders: Hatch First, Zergling Baneling 

Get SALT Encoding   

  12  0:01  Drone  
  13  0:12  Overlord  
  13  0:17  Drone  
  14  0:31  Drone x2  
  16  0:48  Hatchery  
  15  0:51  Drone  
  15  0:55  Drone  
  17  0:58  Drone  
  18  1:04  Extractor  
  17  1:14  Spawning Pool  
  17  1:17  Drone  
  17  1:21  Drone  
  18  1:28  Drone  
  19  1:39  Drone  
  20  1:49  Overlord  
  20  2:00  Drone, Queen  
  23  2:01  Zergling x2  
  23  2:02  Queen  
  23  2:07  Metabolic Boost  
  26  2:11  Drone  
  26  2:13  Drone  
  28  2:27  Baneling Nest  
  27  2:30  Drone  
  27  2:32  Drone  
  29  2:41  Drone  
  30  2:45  Hatchery  
  30  2:49  Zergling x2  
  30  2:52  Zergling x2  
  30  2:57  Overlord  
  31  2:58  Drone  
  31  3:00  Zergling x2  
  33  3:07  Zergling x2  
  33  3:09  Zergling x4  
  33  3:11  Baneling x2  
  36  3:16  Zergling x4  
  36  3:19  Drone x2  
  40  3:21  Drone  
  40  3:27  Overlord  
  41  3:29  Drone  
  41  3:30  Drone  
  43  3:38  Zergling x2  
  44  3:45  Drone x2  
  44  3:46  Drone x2  
  44  3:47  Drone x2  
  49  3:49  Drone  
  49  3:54  Zergling x2  
  48  3:57  Drone  
  48  3:59  Zergling x2  
  50  4:04  Zergling x2  
  50  4:08  Zergling x2  
  52  4:10  Baneling x2  
  52  4:11  Extractor x2  
  52  4:12  Overlord  
  52  4:13  Zergling x2  
  52  4:14  Roach Warren  
  50  4:18  Zergling x2  
  50  4:19  Baneling x2  
  50  4:22  Zergling x4  
  50  4:24  Baneling x2  
  53  4:26  Queen  
  53  4:29  Overlord  
  55  4:36  Zergling x8  
  56  4:40  Zergling x2  
  56  4:42  Zergling x2  
  56  4:46  Overlord  
  56  4:51  Overlord  
  54  4:58  Roach x4  
  54  4:59  Roach  
  64  5:04  Overlord  
  64  5:08  Roach x2  
  64  5:12  Roach  
  67  5:15  Roach  
  67  5:17  Roach  
  69  5:23  Zergling x8  
  69  5:26  Zergling x2  
  74  5:32  Zergling x6  
  78  5:35  Zergling x4  
  78  5:39  Baneling  
  78  5:41  Zergling x6  
  82  5:43  Zergling x2  
  82  5:46  Zergling x2  
  82  5:47  Zergling x2  
  82  5:49  Overlord  
  85  5:52  Baneling  
  82  6:02  Zergling x10  
  78  6:05  Baneling x2  
  78  6:07  Zergling x4  
  78  6:08  Ravager  
  78  6:10  Zergling x4  
  82  6:12  Baneling x2  
  82  6:14  Baneling  
  82  6:15  Zergling x2  
  82  6:17  Zergling x2  
  82  6:25  Ravager  
  75  6:26  Zergling x8  
  75  6:30  Zergling x6  
  82  6:35  Ravager  
  82  6:36  Zergling x4  
  82  6:38  Zergling x2  
  70  6:47  Zergling x6  
  70  6:49  Zergling x4  
  70  6:52  Zergling x6  
  70  6:53  Zergling x2  
  70  6:55  Zergling x2  
  70  6:56  Baneling x2  
  70  6:58  Baneling x2  
  70  7:00  Zergling x2  
  62  7:02  Zergling x2  
  62  7:06  Baneling  
  62  7:07  Baneling, Zergling x4  
  65  7:08  Zergling x2  
  65  7:11  Zergling x2  
  67  7:17  Zergling x4  
  67  7:21  Zergling x2  
  67  7:22  Zergling x2  
  68  7:25  Baneling x2  
  68  7:29  Baneling x2  
  65  7:32  Zergling x2  
  65  7:33  Zergling x8  
  65  7:36  Zergling x2  
  68  7:39  Zergling x6  
  67  7:50  Zergling x2  
  66  7:55  Drone x5  
  66  7:57  Drone x2  
  61  8:00  Drone x2  
  61  8:02  Drone  
  61  8:05  Drone  
  63  8:09  Spore Crawler  
  63  8:10  Spore Crawler  
  63  8:12  Drone  
  60  8:14  Spore Crawler  
  60  8:15  Baneling  
  60  8:16  Extractor  
  59  8:23  Baneling x2  
  61  8:34  Roach x2  
  61  8:35  Roach  
Tags
 
Add a new tag
Caveats
  • Supply blocks, unpowered buildings, or Contaminate may cause inaccurate times.
  • Supply counts are checked every 10 seconds.